 Dungeon Crawl Stone Soup version 0.30-a0-696-g2367cd04db (webtiles) character file.

Game seed: 6430593139151904071

530 pokeman the Magician (level 7, -5/38 HPs)
             Began as a Deep Elf Hedge Wizard on Jan 20, 2023.
             Splashed by a jelly's acid (9 damage)
             ... on level 4 of the Dungeon.
             The game lasted 00:08:44 (3869 turns).

pokeman the Magician (Deep Elf Hedge Wizard)        Turns: 3869, Time: 00:08:45

Health: -5/38      AC:  2    Str:  7    XL:     7   Next: 3%
Magic:  13/20      EV: 13    Int: 27    God:
Gold:   151        SH:  0    Dex: 14    Spells: 13/21 levels left

rFire   . . .      SeeInvis .    r - +0 dagger (venom)
rCold   . . .      Faith    .    (no shield)
rNeg    . . .      Spirit   .    b - +0 robe
rPois   .          Reflect  .    c - +0 hat
rElec   .          Harm     .    (no cloak)
rCorr   .          Rampage  .    (no gloves)
Will    .....                    (no boots)
Stlth   ++                       (no amulet)
HPRegen 0.26/turn                o - +6 ring of intelligence
MPRegen 0.17/turn                (no ring)

@: no status effects
A: no striking features
a: no special abilities


You were on level 4 of the Dungeon.
You visited 1 branch of the dungeon, and saw 4 of its levels.

You collected 151 gold pieces.

Inventory:

Hand Weapons
 r - a +0 dagger of venom (weapon)
Missiles
 l - 5 curare-tipped darts
Armour
 b - a +0 robe (worn)
 c - a +0 hat (worn)
Jewellery
 o - a +6 ring of intelligence (left hand)
 t - an amulet of guardian spirit
Wands
 v - a wand of quicksilver (4)
Scrolls
 e - a scroll of fog {unknown}
 f - a scroll of vulnerability {unknown}
 h - 8 scrolls of identify {unknown}
 j - a scroll of teleportation {unknown}
 k - a scroll of enchant weapon {unknown}
 p - 2 scrolls of poison {unknown}
 q - a scroll of noise {unknown}
 w - 2 scrolls of brand weapon {unknown}
Potions
 a - 2 potions of lignification {unknown}
 d - a potion of magic
 g - 2 potions of curing {unknown}
 i - 2 potions of heal wounds {unknown}
 m - a potion of brilliance {unknown}
 n - 2 potions of mutation {unknown}
 s - a potion of resistance {unknown}
 u - a potion of berserk rage {unknown}


   Skills:
 - Level 1.4 Fighting
 - Level 1.4 Armour
 + Level 3.7 Dodging
 - Level 3.0 Stealth
 * Level 7.6 Spellcasting
 + Level 3.6 Conjurations
 - Level 1.1 Summonings
 - Level 1.1 Translocations
 + Level 1.8 Evocations


You had 13 spell levels left.
You knew the following spells:

 Your Spells              Type           Power      Damage    Failure   Level
a - Magic Dart            Conj           100%       1d8       1%          1
b - Mephitic Cloud        Conj/Pois/Air  16%        N/A       10%         3
c - Call Imp              Summ           16%        N/A       5%          2
d - Blink                 Tloc           32%        N/A       5%          2

Your spell library contained the following spells:

 Spells                   Type           Power      Damage    Failure   Level
 Slow                     Hex            40%        N/A       5%          1
 Cigotuvi's Dreadful Rot  Necr/Pois/Air  20%        N/A       9%          2
 Manifold Assault         Tloc           16%        N/A       34%         4
 Storm Form               Tmut/Air       5%         N/A       100%        7


Dungeon Overview and Level Annotations

Branches:
Dungeon (4/15)
 Temple: D:4-7

Altars:
Dithmenos

Annotations:
D:4 4 runed translucent doors


Message History

You puncture the scorpion!
The scorpion looks as sick as possible!
The scorpion is severely wounded.
* * * LOW HITPOINT WARNING * * *
You feel sick.
You kill the scorpion!
You have reached level 7!
* * * LOW HITPOINT WARNING * * *
You feel sick.
* * * LOW HITPOINT WARNING * * *
You feel sick.
You feel sick.
You feel sick.
You feel sick.
A jelly comes into view.
Casting: Mephitic Cloud (dangerous; 10% risk of failure)
Confirm with . or Enter, or press ? or * to list all spells.
A beastly little devil appears in a puff of flame.
You feel sick.
You swap places.
You feel sick.
Your crimson imp hits the jelly.
The acid corrodes your crimson imp!
Your crimson imp is burned by acid!
You feel sick.
You are no longer poisoned.
A water moccasin comes into view.
The jelly barely misses your crimson imp.
Your crimson imp blinks!
There is an open door here.
You close the door.
You start resting.
You hear a slurping noise.
The jelly eats the door!
A jelly is nearby!
Casting: Call Imp (safe; 5% risk of failure)
Confirm with . or Enter, or press ? or * to list all spells.
A beastly little devil appears in a puff of frigid air.
The gnoll bouda shouts!
The jelly hits you.
* * * LOW HITPOINT WARNING * * *
You are splashed with acid!
You die...

#....##
#######.....#####
#......))#......#
#.............#.######
#......######........#
#.....##8}!8##.......#
#.....#8....8#........
#..5..+......+.....###
#..>.@+go....+..#.....
#....J#8....8#..###.##
##.....##8()8##..(...##
#.......######.....###.
#...###.# #+###.....
#..##.#.# ##....
##.#.#.## #..<. # #.###
#.... #J# #..#.


You could see a gnoll bouda, a jelly (ally target), an orc and a friendly white
imp (summoned).

Vanquished Creatures
  A steam dragon (D:4)
  An ogre (D:2)
  2 scorpions (D:4)
  An orc wizard (D:3)
  3 gnolls (D:4)
  5 adders
  2 worms (D:2)
  4 dart slugs
  4 orcs (D:3)
  6 bats
  13 endoplasms
  2 giant cockroaches
  8 hobgoblins
  A jackal (D:2)
  A quokka (D:1)
  8 ball pythons
  4 frilled lizards
  5 goblins
  12 kobolds
  4 rats
87 creatures vanquished.

Vanquished Creatures (others)
  2 plants (D:2)
2 creatures vanquished.

Grand Total: 89 creatures vanquished

Notes
Turn   | Place    | Note
-------+----------+-------------------------------------------
     0 | D:1      | pokeman the Deep Elf Hedge Wizard began the quest for the
                  | Orb.
     0 | D:1      | Reached XP level 1. HP: 10/10 MP: 7/7
   251 | D:1      | Found a faded altar of an unknown god.
   264 | D:1      | Reached XP level 2. HP: 15/15 MP: 4/9
  1022 | D:2      | Reached skill level 5 in Spellcasting
  1102 | D:2      | Reached XP level 3. HP: 14/20 MP: 3/11
  1104 | D:2      | Noticed an ogre
  1142 | D:1      | Learned a level 3 spell: Mephitic Cloud
  1145 | D:1      | Learned a level 2 spell: Call Imp
  1148 | D:1      | Learned a level 2 spell: Blink
  1573 | D:2      | Killed an ogre
  1574 | D:2      | Reached skill level 1 in Fighting
  1574 | D:2      | Reached skill level 1 in Armour
  1574 | D:2      | Reached XP level 4. HP: 25/25 MP: 0/13
  1802 | D:2      | Reached skill level 6 in Spellcasting
  1851 | D:2      | Reached XP level 5. HP: 29/29 MP: 12/15
  3488 | D:3      | Found a shadowy altar of Dithmenos.
  3633 | D:4      | Found a large runed translucent door.
  3633 | D:4      | Found a large runed translucent door.
  3660 | D:4      | Found a large runed translucent door.
  3660 | D:4      | Found a large runed translucent door.
  3685 | D:4      | Reached XP level 6. HP: 22/34 MP: 3/17
  3788 | D:4      | Reached skill level 7 in Spellcasting
  3826 | D:4      | Noticed a steam dragon
  3848 | D:4      | Killed a steam dragon
  3849 | D:4      | Reached skill level 1 in Evocations
  3852 | D:4      | Reached XP level 7. HP: 10/38 MP: 14/20
  3869 | D:4      | Splashed by a jelly's acid

Illustrated notes

Levels and vault maps discovered:
D:1:      ncdulo_halloftheorcs, layout_basic,
          shapermc_ecumenical_altar_acropolis, minmay_door_square
D:2:      layout_rooms, serial_bayou, serial_bayou_shore_a, serial_bayou_pond_b,
          serial_bayou_pond_b, serial_bayou_pond_b, serial_bayou_crossing,
          mrwooster_statue_mirror, corexii_hall_statues_deadend
D:3:      minmay_inner_zag, layout_basic, mainiacjoe_overflow_alcove_2,
          kennysheep_generic_room_12
D:4:      layout_basic, fedhas_altar_4, nicolae_tso_besieged_by_evil,
          minmay_hollow_rounded_squares

Skill      XL: |  1  2  3  4  5  6 |
---------------+-------------------+-----
Spellcasting   | 5 6 7 |  7.6
Fighting       | 1 |  1.4
Armour         | 1 |  1.4
Conjurations   | 2 3 |  3.6
Stealth        | 3 |  3.0
Dodging        | 3 |  3.7
Evocations     | 1 |  1.8
Summonings     | |  1.1
Translocations | |  1.1

Action                   |  1- 3 |  4- 6 |  7- 9 || total
-------------------------+-------+-------+-------++-------
Melee: Short sword       |    11 |       |       ||    11
       Dagger            |     1 |    57 |       ||    58
       Punch             |       |     1 |       ||     1
 Cast: Magic Dart        |    82 |    90 |       ||   172
       Mephitic Cloud    |     1 |     8 |       ||     9
       Call Imp          |       |       |     2 ||     2
 Stab: Sleeping          |     1 |     2 |       ||     3
       Confused          |     1 |     6 |       ||     7
Armor: Robe              |     8 |     4 |       ||    12
Dodge: Dodged            |    23 |    33 |       ||    56

Table legend: (Time is in decaauts)
 A = Elapsed time spent in this place.
 B = Non-inter-level travel time spent in this place.
 C = Inter-level travel time spent in this place.
 D = Time resting spent in this place.
 E = Time spent auto-exploring this place.
 F = Levels seen in this place.
 G = Mean time per level.
                   A        B        C        D        E       F      G
               +--------+--------+--------+--------+--------+-----+--------+
         Total |   3903 |   3750 |    153 |    347 |   2854 |   4 |  975.8 |
       Dungeon |   3903 |   3750 |    153 |    347 |   2854 |   4 |  975.8 |
               +--------+--------+--------+--------+--------+-----+--------+

Top non-repeatable levels by time:
     D:1: 1384 daAuts
     D:2: 1172 daAuts
     D:3: 1110 daAuts
     D:4: 235 daAuts
